 Dungeon Crawl Stone Soup version 0.24-a0-537-g2d01d4ab0a (webtiles) character file.

Game seed: 6940582838748029733

103 Hukkari the Chopper (level 4, -3/42 HPs)
             Began as a Deep Dwarf Fighter on Aug 15, 2019.
             Slain by endorz's ghost (5 damage)
             ... on level 3 of the Dungeon.
             The game lasted 00:10:10 (1229 turns).

Hukkari the Chopper (Deep Dwarf Fighter)            Turns: 1229, Time: 00:10:10

Health: -3/42      AC:  6    Str: 21    XL:     4   Next: 51%
Magic:  4/4        EV:  8    Int:  8    God:
Gold:   102        SH:  9    Dex: 12    Spells: 3/3 levels left

rFire    + . .     SeeInvis .   a - +0 war axe
rCold    + . .     Gourm    .   c - +0 shield
rNeg     . . .     Faith    .   b - +0 scale mail
rPois    +         Spirit   .   (no helmet)
rElec    +         Reflect  .   (no cloak)
rCorr    +         Harm     .   (no gloves)
MR       .....                  (no boots)
Stlth    ..........             (no amulet)
HPRegen  0.00/turn              (no ring)
MPRegen  0.09/turn              (no ring)

@: resistant, non-regenerating
A: damage resistance, heal wounds, sense surroundings 1, no regeneration
a: Heal Wounds


You were on level 3 of the Dungeon.
You were not hungry.

You visited 1 branch of the dungeon, and saw 3 of its levels.

You collected 102 gold pieces.

Inventory:

Hand Weapons
 a - a +0 war axe (weapon)
 p - a +0 falchion
Missiles
 q - 57 stones (quivered)
Armour
 b - a +0 scale mail (worn)
 c - a +0 shield (worn)
 e - a +0 ring mail
 s - a +0 ring mail
Jewellery
 o - a +4 ring of dexterity {unknown}
Scrolls
 i - 3 scrolls of remove curse
 j - 4 scrolls of identify {unknown}
 l - a scroll of noise {unknown}
 n - 2 scrolls of immolation {unknown}
 r - a scroll of magic mapping {unknown}
 u - a scroll of enchant weapon {unknown}
Potions
 d - 2 potions of might
 t - 2 potions of brilliance {unknown}
Comestibles
 f - 9 rations
 v - 2 chunks of flesh


   Skills:
 + Level 3.1 Fighting
 * Level 3.9 Axes
 + Level 3.6 Armour
 * Level 1.0 Dodging
 + Level 3.9 Shields


You had 3 spell levels left.
You didn't know any spells.
Your spell library was empty.

Dungeon Overview and Level Annotations

Branches:
Dungeon (3/15)

Altars:
Kikubaaqudgha
Ru
Yredelemnul

Annotations:
D:3 endorz's ghost, amateur GnFi


Innate Abilities, Weirdness & Mutations

You are resistant to damage.
You can heal yourself by infusing magical energy.
You passively map a small area around you.
You do not regenerate.


Message History

Endorz's ghost hits you!
* * * LOW HITPOINT WARNING * * *
It was a potion of agility.
You feel agile all of a sudden. Endorz's ghost completely misses you.
It was a potion of haste.
You feel yourself speed up. Endorz's ghost closely misses you.
It was a potion of cancellation.
Your magical effects are unravelling.
You feel magically purged.
You feel yourself slow down.
You feel a little less mighty now.
You feel a little less agile now.
Endorz's ghost hits you but does no damage.
It was a potion of resistance.
You feel protected. You block endorz's ghost's attack.
You hit endorz's ghost but do no damage.
Endorz's ghost is moderately damaged.
Endorz's ghost hits you!
You die...

#.# #+#
#.###...#### *
..# #.# #...#
**, ###* , , *
#.###...# ,, , ,
, #...##### *, *
, ,
###.#..######.**
, ,
..###........ ,
, ,
###.#..######.
*, * , , ##..##
, , * #.@##
#W### * * * *
#.gK≈≈≈≈(≈ , , ,
*#..#######* , *
#...## * ....# ,
###### , *


You could see endorz's ghost, a hobgoblin and a kobold.

Vanquished Creatures
  A gnoll (D:1)
  4 adders
  2 worms (D:2)
  4 dart slugs
  3 leopard geckos (D:2)
  3 bats (D:1)
  3 giant cockroaches (D:1)
  2 goblins
  7 hobgoblins
  A quokka (D:2)
  A ball python (D:2)
  3 frilled lizards
  3 kobolds
  5 rats
42 creatures vanquished.

Notes
Turn   | Place    | Note
-------+----------+-------------------------------------------
     0 | D:1      | Hukkari the Deep Dwarf Fighter began the quest for the Orb.
     0 | D:1      | Reached XP level 1. HP: 20/20 MP: 1/1
    21 | D:1      | Reached XP level 2. HP: 22/27 MP: 2/2
   284 | D:1      | Reached XP level 3. HP: 26/34 MP: 3/3
   621 | D:2      | Reached skill level 1 in Dodging
   701 | D:2      | Found a basalt altar of Yredelemnul.
   718 | D:2      | Reached XP level 4. HP: 17/42 MP: 4/4
   737 | D:2      | Found an ancient bone altar of Kikubaaqudgha.
   819 | D:2      | Found a sacrificial altar of Ru.
  1206 | D:3      | Found a runed translucent door.
  1209 | D:3      | Noticed endorz's ghost (amateur GnFi)
  1224 | D:3      | HP: 2/42 [endorz's ghost (12)]
  1229 | D:3      | Slain by endorz's ghost

Levels and vault maps discovered:
D:1:      roderic_crop_circles_arrival_small, layout_loops_ring, minmay_ruptured
D:2:      layout_rooms, yredelemnul_altar_generic, old_standard_altar,
          kiku_gazebo_garden_becter, first_ration, grunt_decor_resistance
D:3:      layout_loops_corners, fedhas_ov_isle_minmay,
          chequers_ecumenical_altar_simple, ebering_ghost_sewer_d

Skill      XL: |  1  2  3 |
---------------+----------+-----
Fighting       | 3 |  3.1
Dodging        | 1 |  1.0
Axes           | 3 |  3.9
Armour         | |  3.6
Shields        | |  3.9

Action                   |  1- 3 |  4- 6 || total
-------------------------+-------+-------++-------
Melee: War axe           |    79 |    42 ||   121
Throw: Stone             |     7 |    17 ||    24
  Use: Potion            |     1 |     7 ||     8
       Scroll            |       |     1 ||     1
  Eat: Chunk             |       |     1 ||     1
Armor: Scale mail        |    32 |    10 ||    42
       Ring mail         |       |     1 ||     1
Dodge: Dodged            |    19 |    16 ||    35
Block: Shield            |    41 |    19 ||    60

Table legend:
 A = Non-vault XP
 B = Vault XP
 C = Vault XP percentage of total XP
 D = Non-vault monster count
 E = Vault monster count
 F = Vault count percentage of total count
                 A         B        C        D         E       F
            +---------+---------+-------+---------+---------+-------
      Total |     109 |      39 |  26.4 |      35 |       7 |  16.7
            +---------+---------+-------+---------+---------+-------
        D:1 |      39 |      12 |  23.5 |      14 |       5 |  26.3
        D:2 |      65 |       0 |   0.0 |      18 |       0 |   0.0
        D:3 |       5 |      27 |  84.4 |       3 |       2 |  40.0
            +---------+---------+-------+---------+---------+-------
